 Dungeon Crawl Stone Soup version 0.27.1 (webtiles) character file.

Game seed: 968534225508046628

109 ZARRMARR the Chopper (level 4, -7/39 HPs)
             Began as a Hill Orc Monk on Sept 2, 2021.
             Was a Believer of Beogh.
             Mangled by a gnoll (14 damage)
             ... on level 3 of the Dungeon.
             The game lasted 00:07:41 (3332 turns).

ZARRMARR the Chopper (Hill Orc Monk)                Turns: 3332, Time: 00:07:42

Health: -7/39      AC:  6    Str: 14    XL:     4   Next: 90%
Magic:  4/4        EV:  6    Int: 10    God:    Beogh [**....]
Gold:   107        SH: 10    Dex: 13    Spells: 3/3 levels left

rFire    . . .     SeeInvis .   a - +0 hand axe
rCold    . . .     Faith    .   h - +0 tower shield
rNeg     . . .     Spirit   .   i - +1 ring mail {rPois}
rPois    +         Reflect  .   (no helmet)
rElec    .         Harm     .   (no cloak)
rCorr    .         Rampage  .   (no gloves)
Will     .....                  (no boots)
Stlth    +.........             (no amulet)
HPRegen  0.13/turn              (no ring)
MPRegen  0.09/turn              g - ring of flight

@: flying
A: no striking features
a: Renounce Religion, Smiting


You were on level 3 of the Dungeon.
You worshipped Beogh.
Beogh was pleased with you.
You visited 1 branch of the dungeon, and saw 3 of its levels.

You collected 107 gold pieces.

Inventory:

Hand Weapons
 a - a +0 hand axe (weapon)
Missiles
 b - 11 poisoned darts (quivered)
Armour
 h - a +0 tower shield (worn)
 i - a +1 ring mail of poison resistance (worn)
Jewellery
 f - a ring of poison resistance
 g - a ring of flight (right hand)
Scrolls
 k - a scroll of amnesia {unknown}
 l - a scroll of teleportation {unknown}
Potions
 c - a potion of lignification {unknown}
 d - a potion of might {unknown}
 e - a potion of degeneration {unknown}
 j - a potion of heal wounds {unknown}
 n - a potion of invisibility {unknown}


   Skills:
 - Level 3.6 Fighting
 + Level 7.2 Axes
 - Level 2.4 Dodging
 - Level 1.5 Stealth


You had 3 spell levels left.
You didn't know any spells.
Your spell library was empty.

Dungeon Overview and Level Annotations

Branches:
Dungeon (3/15)

Altars:
Cheibriados
Gozag


Message History

You block the gnoll's attack. The gnoll hits you with a +0 whip.
You block the gnoll's attack. The gnoll barely misses you.
You hit the gnoll but do no damage.
The gnoll is severely wounded.
The gnoll hits you from afar with a +0 halberd.
* * * LOW HITPOINT WARNING * * *
The gnoll hits you with a +0 whip.
* * * LOW HITPOINT WARNING * * *
There is a stone staircase leading up here.
You block the gnoll's attack.
You fly upwards.
There is a stone staircase leading down here.
You hit the gnoll.
You kill the gnoll!
Beogh accepts your kill.
Things that are here:
a +0 whip; a gnoll corpse
There is a stone staircase leading down here.
You start resting.
HP restored.
You fly downwards.
There is a stone staircase leading up here.
You barely miss the gnoll. You block the gnoll's attack. x2
You barely miss the gnoll. You hit the gnoll but do no damage.
You block the gnoll's attack. x2; The gnoll hits you with a +0 halberd!
You hit the gnoll.
The gnoll is lightly wounded.
Your shield and ring mail prevent you from hitting the gnoll.
You block the gnoll's attack. The gnoll hits you with a +0 halberd!
The gnoll barely misses you.
You hit the gnoll but do no damage.
The gnoll is lightly wounded.
You hit the gnoll but do no damage. You block the gnoll's attack.
The gnoll barely misses you. The gnoll hits you with a +0 halberd!
* * * LOW HITPOINT WARNING * * *
You hit the gnoll.
The gnoll is moderately wounded.
You barely miss the gnoll. You block the gnoll's attack.
The gnoll hits you with a +0 halberd!
You die...

# #.#........######'
#.###..............g..
#.....###.......#####.
#..(.####.......## #.
#.......#........####.
#......รท...g.......##.
#....####.#.###..#..##
.....#gg.....##..###..#
.... #@#.#.###..## #.#
... #.#.#.#..... .. ..
..#.#.#..#) .
####.#...### .....#..##
#........####
...........#.##
##.......#....#
#...........##


You could see 2 gnolls.

Vanquished Creatures
  An orc priest (D:3)
  A gnoll (D:2)
  2 adders
  3 dart slugs
  4 ball pythons
  6 endoplasms
  2 giant cockroaches
  7 goblins
  6 hobgoblins
  4 quokkas
  6 bats
  3 frilled lizards
  6 kobolds
  8 rats
59 creatures vanquished.

Vanquished Creatures (others)
  An orc priest (D:3)
1 creature vanquished.

Grand Total: 60 creatures vanquished

Notes
Turn   | Place    | Note
-------+----------+-------------------------------------------
     0 | D:1      | ZARRMARR the Hill Orc Monk began the quest for the Orb.
     0 | D:1      | Reached XP level 1. HP: 19/19 MP: 1/1
   312 | D:1      | Reached XP level 2. HP: 20/26 MP: 2/2
   422 | D:1      | Reached skill level 5 in Axes
  1102 | D:2      | Reached XP level 3. HP: 30/31 MP: 3/3
  1231 | D:2      | Found a snail-covered altar of Cheibriados.
  1542 | D:2      | Reached skill level 6 in Axes
  2324 | D:2      | Reached XP level 4. HP: 37/39 MP: 4/4
  2481 | D:3      | Found an opulent altar of Gozag.
  2508 | D:3      | Became a worshipper of Beogh the Brigand
  2508 | D:3      | Reached * piety under Beogh
  2508 | D:3      | Reached ** piety under Beogh
  2924 | D:3      | Reached skill level 7 in Axes
  3332 | D:3      | Mangled by a gnoll

Illustrated notes

Levels and vault maps discovered:
D:1:      minmay_arrival_five_plusses, layout_basic
D:2:      minmay_diamond_boxcup, layout_loops_ring, basic_altar
D:3:      layout_basic, nicolae_gozag_seed_capital,
          shapermc_ecumenical_altar_mp_highgroup,
          minmay_fractal_squares_gapless_5, uniq_crazy_yiuf_cottage

Skill      XL: |  1  2  3  4 |
---------------+-------------+-----
Axes           | 5 6 7 |  7.2
Fighting       | |  3.6
Dodging        | |  2.4
Stealth        | |  1.5

Action                   |  1- 3 |  4- 6 || total
-------------------------+-------+-------++-------
Melee: Hand axe          |   144 |    56 ||   200
Throw: Dart              |       |     2 ||     2
Invok: Convert to Beogh  |       |     1 ||     1
  Use: Scroll            |       |     2 ||     2
 Stab: Sleeping          |     5 |       ||     5
Armor: Robe              |    13 |       ||    13
       Ring mail         |    12 |    24 ||    36
Dodge: Dodged            |    72 |    23 ||    95
Block: Tower shield      |       |    41 ||    41
